 Dungeon Crawl Stone Soup version 0.22-a0-281-g2e20325899 (webtiles) character file.

56 Manul the Sneak (level 3, 0/25 HPs)
             Began as an Octopode Assassin on Mar 17, 2018.
             Succumbed to an adder's poison
             ... on level 2 of the Dungeon.
             The game lasted 00:00:50 (589 turns).

Manul the Sneak (Octopode Assassin)                  Turns: 589, Time: 00:00:50

Health: 0/25       AC:  1    Str: 10    XL:     3   Next: 95%
Magic:  3/3        EV: 13    Int: 15    God:
Gold:   60         SH:  0    Dex: 16    Spells: 2/2 levels left

rFire    . . .     SeeInvis .   a - +2 dagger
rCold    . . .     Gourm    .   (no shield)
rNeg     . . .     Faith    .   (helmet restricted)
rPois    .         Spirit   .   (no amulet)
rElec    .         Reflect  .   (no ring)
rCorr    .         Harm     .   (no ring)
MR       .....                  (no ring)
Stlth    +++++.....             (no ring)
HPRegen  0.08/turn              (no ring)
MPRegen  0.08/turn              (no ring)
                                (no ring)
                                (no ring)

@: lethally poisoned (0 -> -2), berserk cooldown, slowed, very slow
A: almost no armour, stealthy swim, amphibious, 8 rings, constrict 8, camouflage
1, agile 1, clever 1, high mp 1, gelatinous body 1
a: no special abilities


You were on level 2 of the Dungeon.
You were not hungry.

You visited 1 branch of the dungeon, and saw 2 of its levels.

You collected 60 gold pieces.

Inventory:

Hand Weapons
 a - a +2 dagger (weapon)
 b - a +0 blowgun
Missiles
 c - 8 poisoned needles
 d - 2 curare-tipped needles
Jewellery
 e - an uncursed ring of flight {unknown}
Scrolls
 h - 2 scrolls of identify {unknown}
 j - a scroll of teleportation {unknown}
 k - a scroll of random uselessness {unknown}
 m - a scroll of fog {unknown}
Comestibles
 f - 3 rations
 g - 2 chunks of flesh


   Skills:
 + Level 2.3 Fighting
 + Level 2.2 Short Blades
 + Level 2.1 Throwing
 + Level 1.0 Dodging
 + Level 7.0 Stealth


You had 2 spell levels left.
You didn't know any spells.

Dungeon Overview and Level Annotations

Branches:
Dungeon (2/15)

Altars:


Innate Abilities, Weirdness & Mutations

You cannot wear most types of armour.
You are very stealthy in the water. (Stealth+)
You are amphibious.
You can wear up to eight rings at the same time.
You can use your tentacles to constrict eight enemies at once.
Your skin changes colour to match your surroundings (Stealth+).
Your rubbery body absorbs attacks. (AC +1, EV +1)
You are agile. (Dex +2)
Your mind is acute. (Int +2)
You have an increased reservoir of magic. (+10% MP)


Message History

The ball python constricts you.
You barely miss the ball python. You grab the ball python.
You kill the ball python!
* * * LOW HITPOINT WARNING * * *
You feel sick.
You see here a ring mail.
You feel a strong urge to attack something.
You feel your anger nearly subside.
You are no longer berserk.
You are exhausted.
You feel yourself slow down.
* * * LOW HITPOINT WARNING * * *
You feel sick.
Found a scroll labeled VOJISHR HEOVVEIGRE.
There is a lethal amount of poison in your body!
There is a lethal amount of poison in your body!
* * * LOW HITPOINT WARNING * * *
You feel sick.
* * * LOW HITPOINT WARNING * * *
You feel sick.
You die...

#.......#
#######
##...##..#
#.....# #....#
..># ## #....#
##.#### #..
.###.##.#
#....#
.##..##.#
#....#
.##..##..
#....#
....####.#
#....# .##.# ..
#..?@# .##.#
#.. #....#
..#.# #. #....#
..#.# .##....#
..#.# ..#.....
..#.# ...####
..#.# #..#
..#.########..#
#.#
........##....#
#.#


There were no monsters in sight!

Vanquished Creatures
  Terence (D:2)
  An adder (D:2)
  2 ball pythons
  A bat (D:1)
  A giant cockroach (D:1)
  6 hobgoblins
  2 kobolds (D:1)
  2 frilled lizards
  A goblin (D:1)
  5 rats
22 creatures vanquished.

Notes
Turn   | Place    | Note
-------+----------+-------------------------------------------
     0 | D:1      | Manul the Octopode Assassin began the quest for the Orb.
     0 | D:1      | Reached XP level 1. HP: 14/14 MP: 1/1
   162 | D:1      | Reached XP level 2. HP: 19/19 MP: 2/2
   165 | D:1      | Reached skill level 6 in Stealth
   491 | D:2      | Noticed Terence
   494 | D:2      | Killed Terence
   494 | D:2      | Reached XP level 3. HP: 24/24 MP: 3/3
   574 | D:2      | Reached skill level 7 in Stealth
   576 | D:2      | Gained mutation: Your mind is acute. (Int +2) [potion of mutation]
   576 | D:2      | Gained mutation: You have an increased reservoir of magic. (+10% MP) [potion of mutation]
   576 | D:2      | Gained mutation: You are agile. (Dex +2) [potion of mutation]
   586 | D:2      | HP: 1/25 [poisoned by an adder]
   589 | D:2      | Succumbed to an adder's poison

Vault maps used:
D:1:      dpeg_arrival_tiny_h, minmay_misc_feat_columns
D:2:      nicolae_overflow_hidden_temple, chequers_big_river, uniq_terence

Skill      XL: |  1  2  3 |
---------------+----------+-----
Stealth        | 6 7 |  7.0
Fighting       | |  2.3
Short Blades   | |  2.2
Throwing       | |  2.1
Dodging        | |  1.0

Action                   || total
-------------------------++-------
Melee: Dagger            ||    33
       Constrict         ||     4
       Tentacles         ||     3
  Use: Potion            ||     2
 Stab: Sleeping          ||    14
Armor: Skin              ||     1
Dodge: Dodged            ||    21

Table legend:
 A = Spawn XP
 B = Non-spawn XP
 C = Spawn XP percentage of total XP
 D = Spawn monster count
 E = Non-spawn monster count
 F = Spawn count percentage of total count
 G = Total turns spent on level
                    A         B        C        D         E        F      G
               +---------+---------+-------+---------+---------+-------+---------
         Total |       0 |      80 |   0.0 |       0 |      22 |   0.0 |   589
               +---------+---------+-------+---------+---------+-------+---------
           D:1 |       0 |      23 |   0.0 |       0 |      13 |   0.0 |   469
           D:2 |       0 |      57 |   0.0 |       0 |       9 |   0.0 |   120
               +---------+---------+-------+---------+---------+-------+---------
